 Dungeon Crawl Stone Soup version 0.31-a0-1388-g4b2ba238e7 (webtiles) character file.

Game seed: 12703703839577848593

22 MisterAzrael the Ruffian (level 2, 0/18 HPs)
             Began as an Octopode Shapeshifter on Dec 24, 2023.
             Slain by a goblin
             ... wielding a +0 club
             ... led by Robin
              (3 damage)
             ... on level 2 of the Dungeon.
             The game lasted 00:01:25 (1066 turns).

MisterAzrael the Ruffian (Octopode Shapeshifter)    Turns: 1066, Time: 00:01:25

Health: 0/18       AC:  1    Str: 13    XL:     2   Next: 91%
Magic:  2/2        EV: 13    Int: 12    God:
Gold:   28         SH:  0    Dex: 11    Spells: 1/1 levels left

rFire   . .          .
                       - Unarmed
rCold   . . .        (no shield)
rNeg    . . .        (helmet currently unavailable)
rPois   .            (no amulet)
rElec   .            (no ring)
rCorr   .            (no ring)
SInv    .            (no ring)
Will    .....        (no ring)
Stlth   ++           (no ring)
HPRegen 0.23/turn    (no ring)
MPRegen 0.08/turn    (no ring)
                     (no ring)

%: no passive effects
@: beast-form
A: beast (slay +1), almost no armour, amphibious, 8 rings, camouflage 1,
gelatinous body 1, (nimble swimmer 1), tentacles
a: Begin Untransformation


You were on level 2 of the Dungeon.
You were a hulking beast.
You visited 1 branch of the dungeon, and saw 2 of its levels.

You collected 28 gold pieces.

Inventory:

Talismans
 b - a beast talisman
 c - a flux talisman
Scrolls
 d - a scroll of teleportation {unknown}
 e - 2 scrolls of identify {unknown}
Potions
 a - a potion of lignification


   Skills:
 - Level 1.0 Fighting
 + Level 2.1 Dodging
 * Level 3.5 Unarmed Combat
 * Level 3.4 Shapeshifting


You had one spell level left.
You didn't know any spells.
Your spell library was empty.

Dungeon Overview and Level Annotations

Branches:
Dungeon (2/15)

Altars:

Shops:
D:2 [

Annotations:
D:2 Robin


Innate Abilities, Weirdness & Mutations

You are a hulking beast.
Your limbs bulge with bestial killing power. (Slay +1)
You cannot wear most types of armour.
You are amphibious.
You can wear up to eight rings at the same time.
Your skin changes colour to match your surroundings (Stealth+).
Your rubbery body absorbs attacks. (AC +1, EV +1)
((You are camouflaged when in or above water. (Stealth+)))
You have tentacles for arms and can constrict up to eight enemies at once.


Message History

a +0 club; a kobold corpse You now have 28 gold pieces (gained 9).
Found Hivytaiwk's Antique Armour Boutique.
Found a stone staircase leading up. 2 goblins come into view.
The goblin shouts!
You hear a shout! x3
A goblin comes into view. It is wielding a +0 club.
Robin and a goblin come into view.
Robin is wielding a +3 heavy mace.
The goblin moves out of view. 2 goblins and a giant cockroach come into view.
There is an entrance to Hivytaiwk's Antique Armour Boutique here.
You tentacle-slap the goblin. You grab the goblin. You squeeze the goblin.
You kill the goblin!
A hobgoblin comes into view.
Robin throws the goblin at you!
You barely miss the goblin. Your grab misses the goblin. The goblin misses you.
Robin throws the goblin at you!
You tentacle-slap the goblin. Your grab misses the goblin.
Your tentacle-slap misses the goblin.
The goblin is heavily wounded.
The goblin barely misses you. The goblin closely misses you.
The goblin hits you with a +0 club.
A goblin comes into view. It is wielding a +0 club.
Robin roars a battlecry!
The goblins go into a battle-frenzy!
You hear a shout!
You tentacle-slap the goblin.
You kill the goblin!
You hear a shout!
You closely miss the goblin. Your grab misses the goblin.
You squeeze the goblin.
You kill the goblin!
The goblin hits you with a +0 club. Robin throws the goblin at you!
The goblin hits you with a +0 club.
* * * LOW HITPOINT WARNING * * *
The giant cockroach closely misses you.
You tentacle-slap the goblin. Your grab misses the goblin.
The goblin is severely wounded.
The goblin hits you with a +0 club.
You die...

#..###.####.#... #..#
#.# #..# .# .# #..#
#.# #..? .. ... #..#
#.# #..# .# #..
#..###.###..##.##.# #
#.).........<..#.##.#
#...######..#........
#...######..#.B......
#...........ghg##
#.#.######..#)g.gg..#
#.................g..
###^.#####.#.##...##.
##.# #.#.# ...# #.#
#.#.# #### #.# #...#
#.# ###.# #.#


You could see Robin, a giant cockroach, a hobgoblin (strong) and 4 goblins.

Vanquished Creatures
  2 ball pythons (D:1)
  2 endoplasms (D:1)
  2 hobgoblins (D:1)
  3 quokkas (D:1)
  3 frilled lizards (D:1)
  5 goblins
  3 kobolds
  A rat (D:1)
21 creatures vanquished.

Notes
Turn   | Place    | Note
-------+----------+-------------------------------------------
     0 | D:1      | MisterAzrael the Octopode Shapeshifter began the quest for
                  | the Orb.
     0 | D:1      | Reached XP level 1. HP: 13/13 MP: 1/1
   304 | D:1      | Reached XP level 2. HP: 2/18 MP: 2/2
  1054 | D:2      | Found Hivytaiwk's Antique Armour Boutique.
  1059 | D:2      | Noticed Robin
  1066 | D:2      | Slain by a goblin

Illustrated notes

Levels and vault maps discovered:
D:1:      minmay_arrival_widening_spiral_wide, layout_basic, st_stairs_6,
          grunt_decor_one_mirror, grunt_decor_junction, minmay_pentomino_p2
D:2:      layout_loops_ring, serial_shops, shop, basic_altar,
          chequers_serial_rivers_small_3, uniq_robin

Action                     || total
---------------------------++-------
  Melee: Unarmed           ||    34
         Constrict         ||     7
         Tentacles         ||     5
   Stab: Sleeping          ||     4
 Armour: Skin              ||    17
  Dodge: Dodged            ||    15

Table legend: (Time is in decaauts)
 A = Elapsed time spent in this place.
 B = Non-inter-level travel time spent in this place.
 C = Inter-level travel time spent in this place.
 D = Time resting spent in this place.
 E = Time spent auto-exploring this place.
 F = Levels seen in this place.
 G = Mean time per level.
                   A        B        C        D        E       F      G
               +--------+--------+--------+--------+--------+-----+--------+
         Total |   1063 |   1016 |     47 |    180 |    725 |   2 |  531.5 |
       Dungeon |   1063 |   1016 |     47 |    180 |    725 |   2 |  531.5 |
               +--------+--------+--------+--------+--------+-----+--------+

Top non-repeatable levels by time:
     D:1: 1027 daAuts
     D:2: 36 daAuts
